 Dungeon Crawl Stone Soup version 0.27-a0-1334-g2746e35aca (webtiles) character file.

Game seed: 9313688074981144451

96 bmb222 the Magician (level 4, -2/31 HPs)
             Began as a Djinni Fire Elementalist on June 26, 2021.
             Slain by Terence (3 damage)
             ... on level 2 of the Dungeon.
             The game lasted 00:08:10 (3804 turns).

bmb222 the Magician (Djinni Fire Elementalist)      Turns: 3804, Time: 00:08:11

Health: -2/31      AC:  3    Str:  7    XL:     4   Next: 98%
Gold:   28         EV: 12    Int: 17    God:
                   SH:  0    Dex: 14

rFire    + + .     SeeInvis .   g - +2 dagger (venom)
rCold    x . .     Faith    .   (no shield)
rNeg     . . .     Spirit   .   a - +0 robe
rPois    ∞         Reflect  .   k - +0 helmet
rElec    .         Harm     .   (no cloak)
rCorr    .         Rampage  .   (no gloves)
Will     .....                  (boots unavailable)
Stlth    ++........             (no amulet)
HPRegen  0.10/turn              (no ring)
MPRegen  0.00/turn              (no ring)

@: on berserk cooldown, flying, slowed, very slow
A: sickness immunity, fire resistance 2, cold vulnerability 1, float, innate
caster, hp casting, extra vitality 1
a: no special abilities


You were on level 2 of the Dungeon.
You visited 1 branch of the dungeon, and saw 3 of its levels.

You collected 28 gold pieces.

Inventory:

Hand Weapons
 g - a +2 dagger of venom (weapon)
Armour
 a - a +0 robe (worn)
 k - a +0 helmet (worn)
Scrolls
 b - a scroll of identify {unknown}
 d - 3 scrolls of enchant armour {unknown}
 h - a scroll of summoning {unknown}
 j - a scroll of torment {unknown}
Potions
 c - 2 potions of berserk rage
 e - a potion of attraction {unknown}
 f - a potion of heal wounds {unknown}
 i - a potion of flight {unknown}


   Skills:
 + Level 2.6 Dodging
 - Level 1.8 Stealth
 * Level 3.9 Spellcasting


You couldn't memorise any spells.
You knew the following spells:

 Your Spells              Type           Power      Damage    Failure   Level
a - Foxfire               Conj/Fire      64%        2x1d7     3%          1
b - Conjure Flame         Conj/Fire      16%        6-21      10%         3
c - Inner Flame           Hex/Fire       16%        N/A       10%         3
d - Sticky Flame          Conj/Fire      16%        2d4       32%         4
e - Fireball              Conj/Fire      8%         3d6       65%         5
f - Animate Skeleton      Necr           32%        N/A       3%          1
Your spell library was empty.

Dungeon Overview and Level Annotations

Branches:
Dungeon (3/15)

Altars:

Annotations:
D:2 Terence
D:3 Sigmund


Innate Abilities, Weirdness & Mutations

You are immune to sickness and miasma.
You are immune to poison.
Your flesh is very heat resistant. (rF++)
You are vulnerable to cold. (rC-)
You float through the air rather than walking.
You learn spells naturally, not from books.
Your magical power is your life essence.
You have superior vitality. (+4 HP)


Message History

The foxfire hits Terence but does no damage.
Terence is severely wounded.
You see here 23 stones.
Casting: Foxfire (safe; 3% risk of failure)
Confirm with . or Enter, or press ? or * to list all spells.
You conjure some foxfire!
Terence barely misses you.
The foxfire hits Terence but does no damage.
Terence is severely wounded.
The foxfire hits Terence.
Terence is severely wounded.
Casting: Foxfire (safe; 3% risk of failure)
Confirm with . or Enter, or press ? or * to list all spells.
You conjure some foxfire!
Terence barely misses you.
The foxfire hits Terence but does no damage.
Terence is severely wounded.
The foxfire hits Terence but does no damage.
Terence is severely wounded.
Casting: Foxfire (safe; 3% risk of failure)
Confirm with . or Enter, or press ? or * to list all spells.
You conjure some foxfire!
Terence hits you from afar with a +4 trident of freezing.
Terence freezes you.
* * * LOW HITPOINT WARNING * * *
The foxfire hits Terence but does no damage.
Terence is severely wounded.
The foxfire hits Terence.
Terence is severely wounded.
It was a potion of berserk rage.
A red film seems to cover your vision as you go berserk!
You feel yourself moving faster!
You feel mighty! Terence barely misses you.
You feel a strong urge to attack something.
You feel your anger nearly subside.
You are no longer berserk.
You are exhausted.
You feel yourself slow down.
Terence shouts, "DIE!!!"
Terence barely misses you.
Terence hits you from afar with a +4 trident of freezing!
* * * LOW HITPOINT WARNING * * *
Terence freezes you.
You die...

# #.#.#...........####..# #
#.#.##....##.##..####.# #
###.#..#...###.##...<.#.##
#######...#....#.###.###..[....##
..>...#.###.#.##...........##....
......#.##....##...........####..
............#.##...........###...
..........#.#.##...............##
.........##.#.@.@.##.....)...####
.........##...........####.......
.........##...........# #.......
.........##...........# #.......
..#..#...##...........######.....
.##.##...##.###.#####............
.#..##................######.....
#.......)##.###.####### #.....
#..########.###.############.....


You could see Terence.

Vanquished Creatures
  Robin (D:2)
  3 adders (D:2)
  3 worms (D:2)
  2 dart slugs (D:1)
  An endoplasm (D:1)
  2 giant cockroaches
  10 goblins
  6 hobgoblins
  2 quokkas
  3 ball pythons
  3 bats
  5 kobolds
  6 rats
47 creatures vanquished.

Vanquished Creatures (others)
  142 foxfires
142 creatures vanquished.

Grand Total: 189 creatures vanquished

Notes
Turn   | Place    | Note
-------+----------+-------------------------------------------
     0 | D:1      | bmb222 the Djinni Fire Elementalist began the quest for the
                  | Orb.
     0 | D:1      | Reached XP level 1. HP: 15/15 MP: 0/0
   263 | D:1      | Reached XP level 2. HP: 15/21 MP: 0/0
   676 | D:1      | Reached skill level 3 in Spellcasting
   840 | D:1      | Reached XP level 3. HP: 19/25 MP: 0/0
   840 | D:1      | Learned a level 1 spell: Animate Skeleton
  1384 | D:2      | Noticed Terence
  1590 | D:2      | Reached XP level 4. HP: 26/31 MP: 0/0
  1602 | D:2      | Noticed Robin
  2350 | D:3      | Noticed Sigmund
  2527 | D:2      | Killed Robin
  3804 | D:2      | HP: 1/31 [Terence (10)]
  3804 | D:2      | Slain by Terence

Illustrated notes

Levels and vault maps discovered:
D:1:      ncdulo_halloftheorcs, layout_loops_ring, minmay_strange_pillars
D:2:      layout_rooms, uniq_terence, uniq_robin
D:3:      layout_basic, uniq_sigmund

Skill      XL: |  1  2 |
---------------+-------+-----
Spellcasting   | 3 |  3.9
Dodging        | |  2.6
Stealth        | |  1.8

Action                   |  1- 3 |  4- 6 || total
-------------------------+-------+-------++-------
Melee: Unarmed           |    13 |       ||    13
       Dagger            |       |     1 ||     1
 Cast: Foxfire           |    44 |    40 ||    84
  Use: Potion            |       |     1 ||     1
 Stab: Sleeping          |     1 |       ||     1
Armor: Robe              |     5 |     2 ||     7
Dodge: Dodged            |    20 |    13 ||    33

Table legend: (Time is in decaauts)
 A = Elapsed time spent in this place.
 B = Non-inter-level travel time spent in this place.
 C = Inter-level travel time spent in this place.
 D = Time resting spent in this place.
 E = Time spent auto-exploring this place.
 F = Levels seen in this place.
 G = Mean time per level.
                   A        B        C        D        E       F      G
               +--------+--------+--------+--------+--------+-----+--------+
         Total |   3808 |   3808 |      0 |   1437 |   1398 |   3 | 1269.3 |
       Dungeon |   3808 |   3808 |      0 |   1437 |   1398 |   3 | 1269.3 |
               +--------+--------+--------+--------+--------+-----+--------+

Top non-repeatable levels by time:
     D:1: 1931 daAuts
     D:2: 1728 daAuts
     D:3: 148 daAuts
